 Dungeon Crawl Stone Soup version 0.21.1-1-g345015f (webtiles) character file.

74 teukkam the Ruffian (level 4, -3/67 HPs)
             Began as a Troll Monk on June 26, 2018.
             Slain by a worm (12 damage)
             ... on level 3 of the Dungeon.
             The game lasted 00:04:34 (656 turns).

teukkam the Ruffian (Troll Monk)                     Turns: 656, Time: 00:04:35

Health: -3/67      AC:  5    Str: 24    XL:     4   Next: 9%
Magic:  3/3        EV: 10    Int:  7    God:
Gold:   53         SH:  0    Dex: 12    Spells: 3/3 levels left

rFire    . . .     SeeInvis .     - Unarmed
rCold    . . .     Gourm    +   (no shield)
rNeg     . . .     Faith    .   e - +0 robe {Archmagi}
rPois    .         Spirit   .   (helmet restricted)
rElec    .         Reflect  .   (no cloak)
rCorr    .         Harm     .   (gloves unavailable)
MR       .....                  (boots unavailable)
Stlth    ..........             (no amulet)
HPRegen  0.61/turn              (no ring)
MPRegen  0.08/turn              (no ring)

@: berserking (expiring), very quick
A: large, unfitting armour, claws 3, fast metabolism 3, gourmand, regeneration
1, shaggy fur 1, tough skin 2
a: no special abilities


You were on level 3 of the Dungeon.
You were very full.

You visited 1 branch of the dungeon, and saw 3 of its levels.

You collected 53 gold pieces.

Inventory:

Hand Weapons
 g - a +3 club
Missiles
 f - 6 tomahawks (quivered)
Armour
 e - a +0 robe of the Archmagi (worn)
Wands
 j - a wand of acid (12)
Scrolls
 i - a scroll of enchant weapon {unknown}
Potions
 c - a potion of agility {unknown}
 d - a potion of curing {unknown}
Comestibles
 b - 3 rations
 h - 5 chunks of flesh


   Skills:
 + Level 3.3 Fighting
 - Level 2.4 Dodging
 - Level 1.0 Stealth
 + Level 4.1 Unarmed Combat


You had 3 spell levels left.
You didn't know any spells.

Dungeon Overview and Level Annotations

Branches:
Dungeon (3/15)

Altars:
Trog


Innate Abilities, Weirdness & Mutations

You are too large for most types of armour.
You have claws for hands.
Your metabolism is lightning-fast.
You like to eat raw meat.
Your natural rate of healing is unusually fast.
You are covered in fur. (AC +1)
You have very tough skin. (AC +2)


Message History

The rat bites you but does no damage. The rat closely misses you.
The worm barely misses you. The rat barely misses you.
The rat bites you but does no damage.
You barely miss the rat. The rat bites you but does no damage.
The worm closely misses you.
You claw the rat!
You kill the rat!
The rat barely misses you.
You claw the worm!
The worm is heavily wounded.
The moth of wrath goads the worm on!
The worm goes berserk!
The moth of wrath goads the rat on!
The rat goes berserk!
The worm misses you. The rat closely misses you.
You claw the rat!
You kill the rat!
The rat barely misses you.
You scratch the worm.
The worm is severely wounded.
The worm bites you!
You die...

*******,*,*,,***<,,,,,,,,,
****,*,,,,,,,,,,,,,*,,,
*,,,,,,**,,,,,,,,,,**,,
**######**,,,,,,,,,,,,,
###....##**,,,,,,,,***,
##.......##***,,,,,,,,,,
#))....w..#*,,,,,,,,,,*,
*#....#r†w.#*,****,,,,,,,
#....###@..#*,* ***,,,,,
#)._.#y#......# ***,,,
#)...###...#### *,,,
##....#....# *,,,
#.........# *,,,
##.......## *,,, ###....##
**** ######


You could see a moth of wrath, 2 worms and a rat (berserk).

Vanquished Creatures
  Ijyb (D:3)
  A dart slug (D:3)
  3 orcs (D:3)
  5 hobgoblins
  6 jackals
  4 kobolds
  9 bats
  2 frilled lizards (D:1)
  4 goblins
  7 rats
42 creatures vanquished.

Notes
Turn   | Place    | Note
-------+----------+-------------------------------------------
     0 | D:1      | teukkam the Troll Monk began the quest for the Orb.
     0 | D:1      | Reached XP level 1. HP: 22/22 MP: 0/0
   147 | D:1      | Reached XP level 2. HP: 29/29 MP: 1/1
   395 | D:1      | Reached XP level 3. HP: 36/37 MP: 2/2
   584 | D:2      | You fall through a shaft!
   639 | D:3      | Found a bloodstained altar of Trog.
   639 | D:3      | Noticed a moth of wrath
   639 | D:3      | Noticed Ijyb
   648 | D:3      | Killed Ijyb
   648 | D:3      | Reached skill level 4 in Unarmed Combat
   648 | D:3      | Reached XP level 4. HP: 4/45 MP: 3/3
   656 | D:3      | Slain by a worm

Skill      XL: |  1  2  3 |
---------------+----------+-----
Fighting       | 3 |  3.3
Unarmed Combat | 4 |  4.1
Dodging        | |  2.4
Stealth        | |  1.0

Action                   |  1- 3 |  4- 6 || total
-------------------------+-------+-------++-------
Melee: Unarmed           |   100 |     5 ||   105
       Punch             |     1 |       ||     1
  Use: Scroll            |     2 |       ||     2
       Potion            |       |     1 ||     1
 Stab: Sleeping          |     1 |       ||     1
  Eat: Chunk             |    11 |       ||    11
Armor: Robe              |    40 |     5 ||    45
Dodge: Dodged            |    61 |    11 ||    72
